EL
BOWIE BAYSOX @ MONTGOMERY BISCUITS
04/22/2048
 
TOP OF THE 1ST
Bowie Baysox batting - Pitching for Montgomery Biscuits : LHP Frank Rodriguez
Pitching: LHP Frank Rodriguez
Batting: LHB Eric Jackson 0-0: Ball
1-0: Ball
2-0: Ball
3-0: Called Strike
3-1: Ground out 1-3 (Groundball, 13, EV 69.4 MPH)
Batting: RHB Mike Pitts 0-0: Called Strike
0-1: Ball
1-1: Foul Ball, location: 2F
1-2: Ball
2-2: Strikes out looking
Batting: RHB John Gray 0-0: Ball
1-0: Called Strike
1-1: Fly out, F7 (Flyball, 7S, EV 87.5 MPH)
Top of the 1st over - 0 runs, 0 hits, 0 errors, 0 left on base; Bowie 0 - Montgomery 0
BOTTOM OF THE 1ST
Montgomery Biscuits batting - Pitching for Bowie Baysox : LHP Jason Williams
Pitching: LHP Jason Williams
Batting: RHB James Huddleston 0-0: Ball
1-0: Bunt missed!
1-1: Swinging Strike
1-2: Foul Ball, location: 2F
1-2: Fly out, F8 (Line Drive, 8LS, EV 90.6 MPH)
Batting: SHB Joey Pacheco 0-0: Fly out, F9 (Line Drive, 9, EV 92.5 MPH)
Batting: RHB Chris Thorson 0-0: Foul Ball, location: 2F
0-1: Called Strike
0-2: Fly out, F8 (Flyball, 8LD, EV 106.2 MPH)
Bottom of the 1st over - 0 runs, 0 hits, 0 errors, 0 left on base; Bowie 0 - Montgomery 0
TOP OF THE 2ND
Bowie Baysox batting - Pitching for Montgomery Biscuits : LHP Frank Rodriguez
Batting: RHB Jeremy Sipe 0-0: Ball
1-0: Ball
2-0: Ground out 6-3 (Groundball, 6, EV 105.0 MPH)
Batting: LHB Justin Moore 0-0: Called Strike
0-1: Ground out U3 (Groundball, 3, EV 81.9 MPH)
Batting: RHB Travis Leonard 0-0: Foul Ball, location: 2F
0-1: Called Strike
0-2: Ball
1-2: Foul Ball, location: 2F
1-2: Fly out, F3 (Popup, 3S, EV 84.4 MPH)
Top of the 2nd over - 0 runs, 0 hits, 0 errors, 0 left on base; Bowie 0 - Montgomery 0
BOTTOM OF THE 2ND
Montgomery Biscuits batting - Pitching for Bowie Baysox : LHP Jason Williams
Batting: LHB Eric Toney 0-0: Swinging Strike
0-1: Foul Ball, location: 2F
0-2: Ball
1-2: Strikes out looking
Batting: RHB Nelle Lommen 0-0: Foul Ball, location: 2F
0-1: Ball
1-1: Ball
2-1: Foul Ball, location: 2F
2-2: Ball
3-2: Strikes out swinging
Batting: SHB Julio Hernandez 0-0: DOUBLE (Line Drive, 7LS, EV 94.4 MPH)
Batting: RHB Roberto Aispuro 0-0: Called Strike
0-1: Ball
1-1: Ball
2-1: Foul Ball, location: 2F
2-2: Foul Ball, location: 2F
2-2: Ground out 4-3 (Groundball, 4S, EV 77.5 MPH)
Bottom of the 2nd over - 0 runs, 1 hit, 0 errors, 1 left on base; Bowie 0 - Montgomery 0
TOP OF THE 3RD
Bowie Baysox batting - Pitching for Montgomery Biscuits : LHP Frank Rodriguez
Batting: RHB Steve Jones 0-0: Ball
1-0: SINGLE (Groundball, 34D, EV 106.2 MPH)
Batting: RHB Ken Jenkins 0-0: Ball
1-0: Ball
2-0: Fly out, F5 (Line Drive, 5, EV 64.4 MPH)
Batting: LHB Andrew Erens 0-0: Ball
1-0: Ball
Steve Jones is caught stealing 2nd base 2-6
2-0: Ball
3-0: Called Strike
3-1: Hit by Pitch
Batting: LHB Eric Jackson 0-0: Fielders Choice at 2nd, 6-4 (Groundball, 56, EV 101.2 MPH)
Top of the 3rd over - 0 runs, 1 hit, 0 errors, 1 left on base; Bowie 0 - Montgomery 0
BOTTOM OF THE 3RD
Montgomery Biscuits batting - Pitching for Bowie Baysox : LHP Jason Williams
Batting: LHB Angel Ruvalcaba 0-0: Reached via error on a dropped throw from 2B, E3 (Groundball, 4, EV 86.2 MPH)
Batting: LHB Danny Hull 0-0: Fly out, F7 (Flyball, 78S, EV 86.9 MPH)
Batting: RHB James Huddleston 0-0: Ball
1-0: Ball
2-0: Ball
3-0: Called Strike
3-1: Base on Balls
Angel Ruvalcaba to second
Batting: SHB Joey Pacheco 0-0: Ball
1-0: SINGLE (Groundball, 56D, EV 98.1 MPH)
Angel Ruvalcaba to third
James Huddleston to second
Runner from 3rd tries for Home, SAFE, throw by LF to home
Batting: RHB Chris Thorson 0-0: Called Strike
James Huddleston is caught stealing 3rd base 2-5
Joey Pacheco to second
0-1: Ground out 5-3 (Groundball, 5L, EV 88.8 MPH)
Bottom of the 3rd over - 1 run, 1 hit, 1 error, 1 left on base; Bowie 0 - Montgomery 1
TOP OF THE 4TH
Bowie Baysox batting - Pitching for Montgomery Biscuits : LHP Frank Rodriguez
Batting: RHB Mike Pitts 0-0: Called Strike
0-1: Foul Ball, location: 2F
0-2: Strikes out swinging
Batting: RHB John Gray 0-0: Ground out 5-3 (Groundball, 56, EV 103.1 MPH)
Batting: RHB Jeremy Sipe 0-0: Fly out, F8 (Line Drive, 8RM, EV 93.1 MPH)
Top of the 4th over - 0 runs, 0 hits, 0 errors, 0 left on base; Bowie 0 - Montgomery 1
BOTTOM OF THE 4TH
Montgomery Biscuits batting - Pitching for Bowie Baysox : LHP Jason Williams
Batting: LHB Eric Toney 0-0: Ball
1-0: Ground out 5-3 (Groundball, 56, EV 83.8 MPH)
Batting: RHB Nelle Lommen 0-0: SOLO HOME RUN (Line Drive, 78XD, EV 103.8 MPH), Distance : 400 ft
Batting: SHB Julio Hernandez 0-0: SINGLE (Line Drive, 8RS, EV 90.0 MPH)
Batting: RHB Roberto Aispuro 0-0: Swinging Strike
0-1: Swinging Strike
0-2: Ball
1-2: Foul Ball, location: 2F
1-2: Ball
2-2: Foul Ball, location: 2F
2-2: SINGLE (Groundball, 25, EV 64.4 MPH) (infield hit)
Julio Hernandez to second
Batting: LHB Angel Ruvalcaba 0-0: Swinging Strike
0-1: Ball
1-1: Swinging Strike
1-2: Strikes out swinging
Batting: LHB Danny Hull 0-0: Ball
1-0: 3-RUN HOME RUN (Flyball, 7D, EV 96.9 MPH), Distance : 384 ft
Pitching: RHP Angel Gonzales
Batting: RHB James Huddleston 0-0: Ball
1-0: Ball
2-0: Ball
3-0: Base on Balls
Batting: SHB Joey Pacheco 0-0: Ball
1-0: Swinging Strike
1-1: Called Strike
1-2: Foul Ball, location: 2F
1-2: Ball
2-2: Foul Ball, location: 2F
2-2: Ball
3-2: SINGLE (Line Drive, 7S, EV 95.0 MPH)
James Huddleston to second
James Huddleston to third
Batting: RHB Chris Thorson 0-0: Foul Ball, location: 2F
0-1: Ball
1-1: Called Strike
1-2: Ball
2-2: Fielders Choice at 2nd, 5-4 (Groundball, 56, EV 81.2 MPH)
Bottom of the 4th over - 4 runs, 5 hits, 0 errors, 2 left on base; Bowie 0 - Montgomery 5
TOP OF THE 5TH
Bowie Baysox batting - Pitching for Montgomery Biscuits : LHP Frank Rodriguez
Batting: LHB Justin Moore 0-0: Ball
1-0: Ball
2-0: Ball
3-0: Fly out, F7 (Flyball, 7D, EV 95.6 MPH)
Batting: RHB Travis Leonard 0-0: Swinging Strike
0-1: Ball
1-1: Foul Ball, location: 2F
1-2: Ground out 6-3 (Groundball, 6, EV 85.6 MPH)
Batting: RHB Steve Jones 0-0: SINGLE (Groundball, 56D, EV 103.8 MPH)
Batting: RHB Ken Jenkins 0-0: Called Strike
0-1: Foul Ball, location: 2F
0-2: Strikes out swinging
Top of the 5th over - 0 runs, 1 hit, 0 errors, 1 left on base; Bowie 0 - Montgomery 5
BOTTOM OF THE 5TH
Montgomery Biscuits batting - Pitching for Bowie Baysox : RHP Angel Gonzales
Batting: LHB Eric Toney 0-0: Called Strike
0-1: Ball
1-1: Fly out, F5 (Line Drive, 56, EV 63.1 MPH)
Batting: RHB Nelle Lommen 0-0: Ball
1-0: Ball
2-0: Ball
3-0: Called Strike
3-1: Ground out U3 (Groundball, 3, EV 83.8 MPH)
Batting: SHB Julio Hernandez 0-0: Ball
1-0: Called Strike
1-1: Foul Ball, location: 2F
1-2: Ball
2-2: Ground out 4-3 (Groundball, 4, EV 94.4 MPH)
Bottom of the 5th over - 0 runs, 0 hits, 0 errors, 0 left on base; Bowie 0 - Montgomery 5
TOP OF THE 6TH
Bowie Baysox batting - Pitching for Montgomery Biscuits : LHP Frank Rodriguez
Batting: LHB Andrew Erens 0-0: Called Strike
0-1: Fly out, F4 (Line Drive, 4, EV 67.5 MPH)
Batting: LHB Eric Jackson 0-0: Ball
1-0: Foul Ball, location: 2F
1-1: Foul Ball, location: 2F
1-2: Ball
2-2: SINGLE (Line Drive, 6MD, EV 95.6 MPH)
Batting: RHB Mike Pitts 0-0: Swinging Strike
0-1: Ball
1-1: Swinging Strike
1-2: Strikes out looking
Batting: RHB John Gray 0-0: Ball
1-0: Ball
2-0: Ground out 1-3 (Groundball, 34S, EV 67.5 MPH)
Top of the 6th over - 0 runs, 1 hit, 0 errors, 1 left on base; Bowie 0 - Montgomery 5
BOTTOM OF THE 6TH
Montgomery Biscuits batting - Pitching for Bowie Baysox : RHP Angel Gonzales
Batting: RHB Roberto Aispuro 0-0: Ball
1-0: Swinging Strike
1-1: Ball
2-1: Called Strike
2-2: Ground out 5-3 (Groundball, 56S, EV 86.9 MPH)
Batting: LHB Angel Ruvalcaba 0-0: Ball
1-0: Foul Ball, location: 2F
1-1: Foul Ball, location: 2F
1-2: Strikes out swinging
Batting: LHB Danny Hull 0-0: Ground out 3-1 (Groundball, 34S, EV 86.2 MPH)
Bottom of the 6th over - 0 runs, 0 hits, 0 errors, 0 left on base; Bowie 0 - Montgomery 5
TOP OF THE 7TH
Bowie Baysox batting - Pitching for Montgomery Biscuits : LHP Frank Rodriguez
Batting: RHB Jeremy Sipe 0-0: Ball
1-0: Ball
2-0: Fly out, F8 (Flyball, 8RXD, EV 85.0 MPH)
Batting: LHB Justin Moore 0-0: Called Strike
0-1: Foul Ball, location: 2F
0-2: Ball
1-2: Foul Ball, location: 2F
1-2: Ball
2-2: Strikes out looking
Batting: RHB Travis Leonard 0-0: Called Strike
0-1: Ground out 5-3 (Groundball, 56, EV 85.6 MPH)
Top of the 7th over - 0 runs, 0 hits, 0 errors, 0 left on base; Bowie 0 - Montgomery 5
BOTTOM OF THE 7TH
Montgomery Biscuits batting - Pitching for Bowie Baysox : RHP Angel Gonzales
Batting: RHB James Huddleston 0-0: Called Strike
0-1: Called Strike
0-2: Ball
1-2: Foul Ball, location: 2F
1-2: Ball
2-2: Foul Ball, location: 2F
2-2: Foul Ball, location: 2F
2-2: Foul Ball, location: 2F
2-2: Ball
3-2: Strikes out swinging
Batting: SHB Joey Pacheco 0-0: Ball
1-0: Called Strike
1-1: Ball
2-1: Foul Ball, location: 2F
2-2: Foul Ball, location: 2F
2-2: Ball
3-2: Base on Balls
Pitching: RHP Zachery Noyes
Batting: RHB Chris Thorson 0-0: Ball
1-0: Ball
2-0: Foul Ball, location: 2F
2-1: Swinging Strike
2-2: Strikes out swinging
Batting: LHB Eric Toney 0-0: Called Strike
0-1: Foul Ball, location: 2F
0-2: Foul Ball, location: 2F
0-2: Ground out 6-3 (Groundball, 6, EV 99.4 MPH)
Bottom of the 7th over - 0 runs, 0 hits, 0 errors, 1 left on base; Bowie 0 - Montgomery 5
TOP OF THE 8TH
Bowie Baysox batting - Pitching for Montgomery Biscuits : LHP Frank Rodriguez
Batting: RHB Steve Jones 0-0: Foul Ball, location: 2F
0-1: Swinging Strike
0-2: Ground out 6-3 (Groundball, P, EV 81.2 MPH)
Batting: RHB Ken Jenkins 0-0: Ball
1-0: Ball
2-0: Foul Ball, location: 2F
2-1: Foul Ball, location: 2F
2-2: Fly out, F3 (Line Drive, 3L, EV 74.4 MPH)
Batting: LHB Andrew Erens 0-0: Called Strike
0-1: Ball
1-1: Ball
2-1: Ball
3-1: Foul Ball, location: 2F
3-2: Foul Ball, location: 2F
3-2: SINGLE (Groundball, 6MD, EV 88.1 MPH) (infield hit)
Batting: LHB Eric Jackson 0-0: Called Strike
0-1: Ball
1-1: Called Strike
1-2: Strikes out swinging
Top of the 8th over - 0 runs, 1 hit, 0 errors, 1 left on base; Bowie 0 - Montgomery 5
BOTTOM OF THE 8TH
Montgomery Biscuits batting - Pitching for Bowie Baysox : RHP Zachery Noyes
Batting: RHB Nelle Lommen 0-0: Ground out U3 (Groundball, 3, EV 86.2 MPH)
Batting: SHB Julio Hernandez 0-0: Swinging Strike
0-1: Ball
1-1: Ball
2-1: Ball
3-1: Base on Balls
Batting: RHB Roberto Aispuro 0-0: Foul Ball, location: 2F
0-1: Ball
1-1: Foul Ball, location: 2F
1-2: Grounds into double play, 4-6-3 (Groundball, 4S, EV 85.6 MPH)
Bottom of the 8th over - 0 runs, 0 hits, 0 errors, 0 left on base; Bowie 0 - Montgomery 5
TOP OF THE 9TH
Bowie Baysox batting - Pitching for Montgomery Biscuits : LHP Frank Rodriguez
Batting: RHB Mike Pitts 0-0: Ground out 6-3 (Groundball, 6, EV 95.6 MPH)
Batting: RHB John Gray 0-0: SINGLE (Groundball, 56D, EV 95.6 MPH)
Batting: RHB Jeremy Sipe 0-0: Called Strike
0-1: DOUBLE (Flyball, 9LD, EV 105.0 MPH)
John Gray to third
Batting: LHB Justin Moore 0-0: Ball
1-0: Called Strike
1-1: Swinging Strike
1-2: Foul Ball, location: 2F
1-2: Ball
2-2: Hit by Pitch
Pitching: RHP Josh McMahan
Batting: RHB Travis Leonard 0-0: Ball
1-0: Swinging Strike
1-1: Ball
2-1: Ball
3-1: SINGLE (Line Drive, 6M, EV 95.0 MPH)
John Gray scores
Jeremy Sipe to third
Justin Moore to second
Batting: RHB Steve Jones 0-0: Foul Ball, location: 2F
0-1: Foul Ball, location: 2F
0-2: Foul Ball, location: 2F
0-2: Ball
1-2: Strikes out swinging
Pinch Hitting: LHB Raul Rojas 0-0: Ball
1-0: Swinging Strike
1-1: Hit by Pitch
Jeremy Sipe scores
Justin Moore to third
Travis Leonard to second
Batting: LHB Andrew Erens 0-0: Fielders Choice at 2nd, 6-4 (Groundball, 6, EV 103.8 MPH)
Top of the 9th over - 2 runs, 3 hits, 0 errors, 3 left on base; Bowie 2 - Montgomery 5
Tuesday, March 28th , 2023 - OOTP Baseball 23.10 Build 110